 Dungeon Crawl Stone Soup version 0.29-a0-90-gc37658a0fe (webtiles) character file.

Game seed: 3128691391924013735

0 cyrus the Covered (level 1, 0/14 HPs)
             Began as a Tengu Fighter on Feb 6, 2022.
             Frozen to death by an endoplasm (2 damage)
             ... on level 1 of the Dungeon.
             The game lasted 00:00:05 (60 turns).

cyrus the Covered (Tengu Fighter)                     Turns: 60, Time: 00:00:07

Health: 0/14       AC:  6    Str: 16    XL:     1   Next: 10%
Magic:  2/2        EV:  8    Int:  8    God:
Gold:   8          SH:  4    Dex: 13    Spells: 0/0 levels left

rFire   . . .      SeeInvis .   a - +0 long sword
rCold   . . .      Faith    .   c - +0 buckler
rNeg    . . .      Spirit   .   b - +0 scale mail
rPois   .          Reflect  .   (helmet restricted)
rElec   .          Harm     .   (no cloak)
rCorr   .          Rampage  .   (no gloves)
Will    .....                   (boots unavailable)
Stlth   ..........              (no amulet)
HPRegen 0.04/turn               (no ring)
MPRegen 0.08/turn               (no ring)

@: no status effects
A: beak, talons 3
a: no special abilities


You were on level 1 of the Dungeon.
You visited 1 branch of the dungeon, and saw 1 of its levels.

You collected 8 gold pieces.

Inventory:

Hand Weapons
 a - a +0 long sword (weapon)
Armour
 b - a +0 scale mail (worn)
 c - a +0 buckler (worn)
Potions
 d - a potion of might


   Skills:
 + Level 3.0 Fighting
 + Level 2.1 Long Blades
 + Level 3.2 Armour
 + Level 3.0 Shields


You couldn't memorise any spells.
You didn't know any spells.
Your spell library was empty.

Dungeon Overview and Level Annotations

Branches:
Dungeon (1/15)

Altars:


Innate Abilities, Weirdness & Mutations

You have a beak for a mouth.
You have claws for feet.


Message History

Welcome, cyrus the Tengu Fighter.
They say the Orb of Zot lies within this dungeon, but they say a lot of things.
Press ? for a list of commands and other information.
Found a staircase leading out of the dungeon.
You open the door.
There is an open door here.
You now have 8 gold pieces.
You open the door.
A kobold comes into view. It is wielding a +0 short sword.
A kobold is nearby!
A hobgoblin comes into view.
The hobgoblin shouts!
An endoplasm comes into view.
There is an open door here.
You block the kobold's attack.
You closely miss the kobold. The kobold barely misses you.
You barely miss the kobold.
The kobold hits you with a +0 short sword.
The hobgoblin barely misses you.
You barely miss the kobold. You claw the kobold.
You kill the kobold!
The hobgoblin hits you but does no damage.
The hobgoblin closely misses you. The endoplasm freezes you.
You are frozen.
You see here a +0 short sword.
You barely miss the endoplasm. Your kick misses the endoplasm.
You peck the endoplasm.
The endoplasm is lightly wounded.
The hobgoblin hits you.
* * * LOW HITPOINT WARNING * * *
The endoplasm freezes you.
You are frozen.
You die...

######.....
..........
######.........
............... #
............. .
...$....... #
.........### #
.........'.# #
......g@.#.######
#####
.......J.#......#
#....
.........######.#
#.### .........#
#.# #.# #
.........# #.#
#.# .........#
#.####.#
######....
#......# .....
########


You could see an endoplasm and a hobgoblin.

Vanquished Creatures
  A kobold (D:1)
1 creature vanquished.

Notes
Turn   | Place    | Note
-------+----------+-------------------------------------------
     0 | D:1      | cyrus the Tengu Fighter began the quest for the Orb.
     0 | D:1      | Reached XP level 1. HP: 14/14 MP: 2/2
    60 | D:1      | Frozen to death by an endoplasm

Illustrated notes

Levels and vault maps discovered:
D:1:      dpeg_arrival_renting, layout_basic, ebering_ecumenical_altar_webs

Action                   || total
-------------------------++-------
Melee: Long sword        ||     4
       Kick              ||     1
       Peck              ||     1
Armor: Scale mail        ||     1
Dodge: Dodged            ||     3
Block: Buckler           ||     1

Table legend: (Time is in decaauts)
 A = Elapsed time spent in this place.
 B = Non-inter-level travel time spent in this place.
 C = Inter-level travel time spent in this place.
 D = Time resting spent in this place.
 E = Time spent auto-exploring this place.
 F = Levels seen in this place.
 G = Mean time per level.
                   A        B        C        D        E       F      G
               +--------+--------+--------+--------+--------+-----+--------+
         Total |     61 |     61 |      0 |      0 |     50 |   1 |   61.0 |
       Dungeon |     61 |     61 |      0 |      0 |     50 |   1 |   61.0 |
               +--------+--------+--------+--------+--------+-----+--------+

Top non-repeatable levels by time:
     D:1: 61 daAuts
